 Dungeon Crawl Stone Soup version 0.28-a0-1493-g08698888e4 (webtiles) character file.

Game seed: 16989274614414899111

154 testman the Vandal (level 5, -4/35 HPs)
             Began as a Demonspawn Wanderer on Jan 12, 2022.
             Was an Initiate of Yredelemnul.
             Killed by divine providence
             ... invoked by an orc priest
              (13 damage)
             ... on level 3 of the Dungeon.
             The game lasted 00:07:29 (1885 turns).

testman the Vandal (Demonspawn Wanderer)            Turns: 1885, Time: 00:07:30

Health: -4/35      AC:  5    Str: 14    XL:     5   Next: 13%
Magic:  7/7        EV: 12    Int:  9    God:    Yredelemnul [......]
Gold:   96         SH:  5    Dex: 18    Spells: 4/4 levels left

rFire   . . .      SeeInvis .   c - +0 spear
rCold   + + .      Faith    .   i - +0 buckler
rNeg    . . .      Spirit   .   e - +0 leather armour
rPois   .          Reflect  .   (no helmet)
rElec   +          Harm     .   d - +0 cloak
rCorr   .          Rampage  .   (no gloves)
Will    .....                   o - +0 pair of boots of the Monk {rElec rC++ Str-2 Dex+3}
Stlth   ++........              j - amulet of regeneration
HPRegen 0.91/turn               (no ring)
MPRegen 0.10/turn               (no ring)

@: no status effects
A: hooves 2, foul stench 1
a: Renounce Religion, Recall Undead Harvest


You were on level 3 of the Dungeon.
You worshipped Yredelemnul.
Yredelemnul was noncommittal.
You visited 1 branch of the dungeon, and saw 3 of its levels.

You collected 96 gold pieces.

Inventory:

Hand Weapons
 a - a +2 hunting sling
 c - a +0 spear (weapon)
Missiles
 b - 16 sling bullets
 f - 21 poisoned darts (quivered)
 g - 25 stones
Armour
 d - a +0 cloak (worn)
 e - a +0 leather armour (worn)
 i - a +0 buckler (worn)
 o - the +0 pair of boots of the Monk (worn) {rElec rC++ Str-2 Dex+3}
   (You found it on level 2 of the Dungeon)

   Str:       It affects your strength (-2).
   Dex:       It affects your dexterity (+3).
   rC:        It greatly protects you from cold.
   rElec:     It insulates you from electricity.
Jewellery
 j - an amulet of regeneration (around neck)
Scrolls
 k - 3 scrolls of identify {unknown}
 l - a scroll of immolation {unknown}
 m - a scroll of fog {unknown}
 n - 2 scrolls of enchant armour {unknown}
 p - a scroll of teleportation {unknown}
Potions
 h - 2 potions of mutation {unknown}
 q - 2 potions of degeneration {unknown}
 r - a potion of heal wounds {unknown}


   Skills:
 + Level 2.9 Polearms
 - Level 3.0 Slings
 - Level 1.7 Armour
 - Level 2.6 Dodging
 - Level 1.0 Stealth
 + Level 2.0 Shields
 + Level 3.0 Invocations


You had 4 spell levels left.
You didn't know any spells.
Your spell library was empty.

Dungeon Overview and Level Annotations

Branches:
Dungeon (3/15)

Altars:
Kikubaaqudgha
Yredelemnul

Shops:
D:2 *


Innate Abilities, Weirdness & Mutations

You have hoof-like feet.
You may rarely emit foul miasma when damaged in melee.


Message History

Your ball python zombie constricts the orc priest.
The orc hits your hobgoblin zombie with a +0 hand axe.
Your hobgoblin zombie is destroyed!
Your adder zombie completely misses the orc priest.
The orc priest shouts!
Reach: c) +0 spear
Press: ? - help, Dir - move target, f/p - orc priest
Aim: an orc priest, wielding a +0 dagger and wearing a +0 leather armour (severely wounded, ally target, about 36% to evade your +0 spear)
You reach to attack!
You hit the orc priest.
The orc priest is almost dead.
The orc priest calls upon Beogh to heal the orc priest.
The orc priest is healed somewhat.
Your ball python zombie loses its grip on the orc priest.
Your adder zombie bites the orc priest but does no damage.
You hit the orc priest but do no damage.
The orc priest is heavily wounded.
The orc priest hits your adder zombie with a +0 flail.
The orc priest barely misses you.
The orc hits your rat zombie with a +0 hand axe.
The orc completely misses your adder zombie.
Your adder zombie bites the orc priest but does no damage.
Your rat zombie bites the orc.
Your ball python zombie closely misses the orc priest.
Your ball python zombie barely misses the orc priest.
You hit the orc priest but do no damage.
The orc priest is heavily wounded.
The orc priest looks satisfied for a moment.
The orc priest misses you.
Your adder zombie bites the orc priest but does no damage.
The orc closely misses your adder zombie.
The orc hits your rat zombie with a +0 hand axe.
Your rat zombie is destroyed!
Your ball python zombie closely misses the orc priest.
Your ball python zombie completely misses the orc priest.
You hit the orc priest but do no damage.
The orc priest is heavily wounded.
The orc priest invokes the aid of Beogh against you.
Beogh smites you!
You die...
Your body rises from the dead as a mindless zombie.

###### # #. ## .. #
....# ..# # #.#.# #.#
##.#.### #.# # #
#......# #.#####.#
###.##..#.#.#
#.......#
..........#)# #.ZZo.#
###.##....>.###.@oo.#
# #.................#
###Z##.##...........#
..[.##.##.#.##......#
##..##.#....##.######
.ZZ..#Z#..#.##.#
.##Z[Z.#.......#
Z#..#.......####
..Z##.......#


You could see 2 orc priests, an orc, a friendly ball python zombie and a
friendly adder zombie.

Vanquished Creatures
  Terence (D:2)
  An orc wizard (D:3)
  3 adders
  3 orcs (D:3)
  2 bats (D:1)
  7 endoplasms
  3 giant cockroaches
  5 goblins
  6 hobgoblins
  7 jackals (D:2)
  3 quokkas
  6 ball pythons
  2 frilled lizards
  5 kobolds
  3 rats
57 creatures vanquished.

Vanquished Creatures (collateral kills)
  A worm (D:3)
  A ball python (D:2)
2 creatures vanquished.

Vanquished Creatures (others)
  An adder zombie (D:2)
  A ball python zombie (D:2)
  A giant cockroach zombie (D:3)
  A goblin zombie (D:3)
  2 hobgoblin zombies
  A jackal zombie (D:2)
  2 kobold zombies
  2 orc zombies (D:3)
  A quokka zombie (D:2)
  A rat zombie (D:3)
13 creatures vanquished.

Grand Total: 72 creatures vanquished

Notes
Turn   | Place    | Note
-------+----------+-------------------------------------------
     0 | D:1      | testman the Demonspawn Wanderer began the quest for the
                  | Orb.
     0 | D:1      | testman set off with the following items: a +2 hunting
                  | sling, 18 sling bullets, a +0 spear, a +0 cloak, a +0
                  | leather armour
     0 | D:1      | Reached XP level 1. HP: 13/13 MP: 1/1
   181 | D:1      | Gained mutation: You may rarely emit foul miasma when
                  | damaged in melee. [demonic ancestry]
   181 | D:1      | Reached XP level 2. HP: 19/19 MP: 2/2
   765 | D:1      | Found a faded altar of an unknown god.
   768 | D:1      | Prayed at the altar of an unknown god.
   768 | D:1      | Became a worshipper of Yredelemnul the Dark
   791 | D:1      | Reached * piety under Yredelemnul
   933 | D:2      | Found Mevask's Assorted Antiques.
   952 | D:2      | Reached skill level 1 in Invocations
   952 | D:2      | Gained mutation: You have large cloven feet. [demonic
                  | ancestry]
   952 | D:2      | Reached XP level 3. HP: 19/24 MP: 3/3
  1107 | D:2      | Noticed Terence
  1121 | D:2      | Killed Terence
  1122 | D:2      | Reached skill level 1 in Shields
  1278 | D:2      | Identified the +0 pair of boots of the Monk {rElec rC++
                  | Str-2 Dex+3}
  1284 | D:2      | Gained mutation: You have hoof-like feet. [demonic
                  | ancestry]
  1284 | D:2      | Reached XP level 4. HP: 30/30 MP: 5/5
  1754 | D:3      | Reached XP level 5. HP: 28/35 MP: 5/7
  1843 | D:3      | Found an ancient bone altar of Kikubaaqudgha.
  1885 | D:3      | Killed from afar by an orc priest

Illustrated notes

Levels and vault maps discovered:
D:1:      minmay_arrival_five_plusses, layout_loops_ring,
          shapermc_ecumenical_altar_mp_vishouse
D:2:      layout_loops_ring, serial_shops, shop_fountains, uniq_terence
D:3:      layout_loops_cross, mainiacjoe_overflow_small_starburst

Skill      XL: |  1  2  3  4  5 |
---------------+----------------+-----
Slings         | 3 |  3.0
Polearms       | 2 |  2.9
Invocations    | 1 2 3 |  3.0
Shields        | 1 2 |  2.0
Armour         | |  1.7
Dodging        | |  2.6
Stealth        | |  1.0

Action                   |  1- 3 |  4- 6 || total
-------------------------+-------+-------++-------
Melee: Spear             |    92 |   130 ||   222
       Kick              |     2 |     6 ||     8
 Fire: Hunting sling     |     5 |       ||     5
 Stab: Sleeping          |     5 |     1 ||     6
       Distracted        |       |     1 ||     1
Armor: Leather armour    |    12 |    26 ||    38
Dodge: Dodged            |    34 |    61 ||    95
Block: Buckler           |    16 |    20 ||    36

Table legend: (Time is in decaauts)
 A = Elapsed time spent in this place.
 B = Non-inter-level travel time spent in this place.
 C = Inter-level travel time spent in this place.
 D = Time resting spent in this place.
 E = Time spent auto-exploring this place.
 F = Levels seen in this place.
 G = Mean time per level.
                   A        B        C        D        E       F      G
               +--------+--------+--------+--------+--------+-----+--------+
         Total |   1891 |   1834 |     57 |    234 |   1156 |   3 |  630.3 |
       Dungeon |   1891 |   1834 |     57 |    234 |   1156 |   3 |  630.3 |
               +--------+--------+--------+--------+--------+-----+--------+

Top non-repeatable levels by time:
     D:1: 907 daAuts
     D:2: 709 daAuts
     D:3: 275 daAuts
